 Dungeon Crawl Stone Soup version 0.21.1-77-g46dbe93 (webtiles) character file.

107345 nightchill the Thaumaturge (level 16, -6/124 HPs)
             Began as a Gnoll Ice Elementalist on Aug 5, 2018.
             Was the Champion of Dithmenos.
             Shot with an arrow by a naga sharpshooter (15 damage)
             ... on level 4 of the Snake Pit on Aug 22, 2018.
             The game lasted 05:42:43 (48329 turns).

nightchill the Thaumaturge (GnIE)                  Turns: 48329, Time: 05:42:44

Health: -6/124     AC:  9    Str: 13    XL:     16   Next: 46%
Magic:  3/31       EV: 19    Int: 23    God:    Dithmenos [******]
Gold:   1047       SH:  0    Dex: 15    Spells: 5/38 levels left

rFire    . . .     SeeInvis .   b - +0 fustibalus of Sugemuf {velocity, rElec}
rCold    . . .     Gourm    +   (no shield)
rNeg     . . .     Faith    .   l - +0 leather armour {rPois}
rPois    .         Spirit   .   U - +0 hat
rElec    +         Reflect  .   v - +1 cloak {+Inv}
rCorr    +         Harm     .   (no gloves)
MR       +....                  Y - +1 pair of boots
Stlth    ++++++++..             F - amulet of the gourmand
HPRegen  1.30/turn              k - ring of wizardry
MPRegen  0.22/turn              W - ring of resist corrosion

@: lethally poisoned (-6 -> -8), about to teleport, death channel, poison
vulnerable, regenerating, hasted, wreathed by umbra, very quick
A: distributed training, fangs 1, strong nose
a: Shadow Step, Shadow Form, Renounce Religion, Evoke Invisibility


You were on level 4 of the Snake Pit.
You worshipped Dithmenos.
Dithmenos was exalted by your worship.
You were very full.

You visited 8 branches of the dungeon, and saw 31 of its levels.
You visited 1 bazaar.
You also visited: Ice Cave.

You collected 3215 gold pieces.
You spent 2168 gold pieces at shops.

Inventory:

Hand Weapons
 a - the +6 flail of Defiance {speed, MR+ Str+3 Int+2 Dex+3}
   (You found it on level 9 of the Dungeon)

   Attacks with this weapon are significantly faster.
   It affects your strength (+3).
   It affects your intelligence (+2).
   It affects your dexterity (+3).
   It affects your resistance to hostile enchantments.
 b - the +0 fustibalus of Sugemuf (weapon) {velocity, rElec}
   (You bought it in a shop in a bazaar)

   Any stone fired from it inflicts extra damage.
   It insulates you from electricity.
 e - a +6 antimagic lajatang
 w - a +2 rapier of electrocution
 I - a +2 dire flail of holy wrath
 J - a +3 demon trident of electrocution
Missiles
 g - 3 throwing nets
 i - 742 stones (quivered)
 n - 168 sling bullets
Armour
 l - a +0 leather armour of poison resistance (worn)
 v - a +1 cloak of invisibility (worn)
 Q - a +3 leather armour of cold resistance
 U - a +0 hat (worn)
 Y - a +1 pair of boots (worn)
Magical Staves
 x - an uncursed staff of air
Jewellery
 k - a ring of wizardry (left hand)
 A - an uncursed ring of protection from cold
 C - an uncursed ring of protection from fire
 F - an amulet of the gourmand (around neck)
 W - a ring of resist corrosion (right hand)
Wands
 r - a wand of paralysis (40)
 s - a wand of acid (33)
 B - a wand of iceblast (14)
 D - a wand of scattershot (6)
 G - a wand of enslavement (40)
 R - a wand of digging (10)
Scrolls
 d - 3 scrolls of fear
 q - 13 scrolls of remove curse
 y - 3 scrolls of enchant armour
 E - 6 scrolls of enchant weapon
 M - a scroll of identify
 S - 4 scrolls of silence
 V - 4 scrolls of teleportation
 Z - 6 scrolls of magic mapping
Potions
 f - a potion of agility
 h - a potion of haste
 j - a potion of brilliance
 m - a potion of flight
 p - 14 potions of curing
 u - a potion of lignification
 z - 6 potions of mutation
 L - a potion of cancellation
 N - 2 potions of resistance
 O - 7 potions of might
 T - 3 potions of berserk rage
Books
 t - a book of Summonings

   Spells                             Type                      Level
   a - Recall                         Summoning/Translocation      3
   b - Aura of Abjuration             Summoning                    5
   c - Summon Demon                   Summoning                    5
   d - Summon Forest                  Summoning/Translocation      5
   e - Summon Mana Viper              Hexes/Summoning              5
   f - Shadow Creatures               Summoning                    6
 H - a book of Minor Magic

   Spells                             Type                      Level
   a - Magic Dart                     Conjuration                  1
   b - Blink                          Translocation                2
   c - Call Imp                       Summoning                    2
   d - Slow                           Hexes                        2
   e - Conjure Flame                  Conjuration/Fire             3
   f - Mephitic Cloud                 Conjuration/Poison/Air       3
 X - a book of Unlife

   Spells                             Type                      Level
   a - Recall                         Summoning/Translocation      3
   b - Animate Dead                   Necromancy                   4
   c - Borgnjor's Vile Clutch         Necromancy/Earth             5
   d - Death Channel                  Necromancy                   6
   e - Simulacrum                     Ice/Necromancy               6
Miscellaneous
 o - a sack of spiders
 P - a box of beasts
Comestibles
 c - 43 rations
 K - 3 chunks of flesh


   Skills:
 + Level 10.7 Fighting
 + Level 10.7 Short Blades
 + Level 10.7 Long Blades
 + Level 10.7 Axes
 + Level 10.7 Maces & Flails
 + Level 10.7 Polearms
 + Level 10.7 Staves
 + Level 10.7 Slings
 + Level 10.7 Bows
 + Level 10.7 Crossbows
 + Level 10.7 Throwing
 + Level 10.7 Armour
 + Level 11.6 Dodging
 + Level 11.5 Stealth
 + Level 10.7 Shields
 + Level 10.7 Unarmed Combat
 + Level 11.7 Spellcasting
 + Level 9.4 Conjurations
 + Level 9.1 Hexes
 + Level 9.1 Charms
 + Level 9.1 Summonings
 + Level 9.1 Necromancy
 + Level 9.1 Translocations
 + Level 9.1 Transmutations
 + Level 9.1 Fire Magic
 + Level 10.6 Ice Magic
 + Level 9.1 Air Magic
 + Level 9.1 Earth Magic
 + Level 9.1 Poison Magic
 + Level 11.6 Invocations
 + Level 10.7 Evocations


You had 5 spell levels left.
You knew the following spells:

 Your Spells              Type           Power        Failure   Level  Hunger
a - Freeze                Ice            ####         1%          1    None
b - Throw Icicle          Conj/Ice       ######..     1%          4    None
c - Death Channel         Necr           ######....   9%          6    #####..
d - Ozocubu's Armour      Chrm/Ice       ######..     1%          3    None
e - Blink                 Tloc           N/A          1%          2    None
f - Regeneration          Chrm/Necr      ######....   1%          3    None
g - Summon Lightning Spi  Summ/Air       ######..     1%          4    None
h - Silence               Hex/Air        ######....   1%          5    ####...
i - Borgnjor's Vile Clut  Necr/Erth      ######....   1%          5    ####...


Dungeon Overview and Level Annotations

Branches:
Dungeon (15/15)            Temple (1/1) D:4            Lair (5/6) D:11
 Shoals (2/4) Lair:2        Snake (4/4) Lair:3          Orc (2/2) D:11
    Elf (1/3) Orc:2        Vaults (0/5) D:14         Depths (1/5) D:15
  Slime: Lair:5-6

Altars:
Cheibriados
Dithmenos
Elyvilon
Fedhas
Hepliaklqana
Kikubaaqudgha
Nemelex Xobeh
Ru
Trog
Vehumet
Wu Jian
Yredelemnul
The Shining One
Beogh

Shops:
D:11 %   D:13 :   D:15 %(??   Orc:2 %?:*   Snake:2 ==*:*   Snake:3 *

Portals:
Bazaar: Snake:1

Annotations:
D:6 exclusion: downstairs
Lair:1 exclusion: oklob plant
Lair:2 exclusions: downstairs and 1 more exclusion
Lair:4 !nessos, Nessos
Lair:5 exclusions: hydra and oklob plant
Shoals:1 exclusion: downstairs, Roxanne
Snake:1 !slow and steady, exclusions: 2 doors and orange crystal statue
Snake:2 slow and beware guardian, exclusion: downstairs
Snake:3 !multiple specials, Vashnia
Elf:1 !slowly


Innate Abilities, Weirdness & Mutations

Your experience applies equally to all skills.
You have very sharp teeth.
Your uncanny sense of smell can sniff out nearby items.


Message History

The naga ritualist gestures at you while chanting.
You feel yourself grow more vulnerable to poison.
A naga mage comes into view.
You see here an arrow.
You feel yourself speed up. The naga mage spits poison at you.
The splash of poison hits you!
You are more poisoned.
* * * LOW HITPOINT WARNING * * *
The naga mage gestures wildly while chanting.
The naga mage seems to speed up.
The naga mage points at you and mumbles some strange words.
The bolt of poison hits you!
You are more poisoned.
* * * LOW HITPOINT WARNING * * *
The naga mage hits your spectral naga warrior with a halberd!
The naga sharpshooter gestures wildly while chanting.
The naga sharpshooter magically shoots an arrow.
The arrow hits you!
You die...

....#..(.).. ∆
#N).(NNNN)
##.N(N⌠N)Z###
##.N#..NNN...##
#..NN.((......#
#....#N.N..#.!#
#....)NZN((...#
#..(...Z..(...#
#..@.N......(.#
#####.))##...#########
..........#.###.......
.........)..# #......
........)..## #.....
...........# ##.Z.Z.
.........).# ##Z.#...
#.........).#
##..####.
...........###...# ##


You could see 2 naga warriors, 3 nagarajas, 4 naga sharpshooters, a naga
ritualist, 8 naga magi, a naga, a friendly spectral naga warrior, a friendly
spectral naga mage and a friendly spectral nagaraja.

Vanquished Creatures
  Nikola (Snake:3)
  Jorgrun (Snake:3)
  A nagaraja (Snake:4)
  Kirke (Snake:1)
  Aizul (Snake:3)
  Louise (Elf:1)
  The ghost of xxKyloRen420 the Cleaver, a journeyman DsBe of Trog (Shoals:1)
  3 ettins
  A merfolk impaler (Lair:2)
  An ice dragon (IceCv)
  4 naga warriors
  3 hydras
  3 centaur warriors
  2 merfolk avatars (Shoals:1)
  3 two-headed ogres
  3 anacondas
  A death knight (D:15)
  An ogre mage (D:14)
  3 dancing weapons (Elf:1)
  4 shock serpents
  2 skeletal warriors (D:15)
  A deep troll (Orc:2)
  A salamander mystic (Snake:4)
  2 sea snakes
  An unseen horror (D:12)
  2 naga ritualists
  A phantasmal warrior (D:11)
  6 deep elf magi
  4 deep elf archers (Elf:1)
  2 necromancers
  A harpy (Lair:2)
  A cyclops (D:15)
  A wizard (D:13)
  3 salamanders
  3 orc sorcerers
  4 ugly things
  4 mana vipers
  7 elephants
  A manticore (D:14)
  2 centaur zombies
  A merfolk siren (Shoals:2)
  9 black mambas
  A water nymph (Shoals:1)
  4 spiny frogs
  6 naga magi
  6 gargoyles
  A kobold demonologist (D:12)
  5 komodo dragons
  A tengu conjurer (D:14)
  2 rime drakes
  2 merfolk
  7 trolls
  2 polar bears
  A snapping turtle (Lair:2)
  A meliai zombie (D:15)
  7 blink frogs
  A hornet (D:8)
  5 hippogriffs
  6 slime creatures (D:14)
  4 wraiths
  A shadow (D:14)
  A wyvern (D:8)
  A centaur simulacrum (D:15)
  A fire elemental (Elf:1)
  3 hogs (Snake:1)
  2 hungry ghosts
  10 yaks
  A human (D:11)
  5 basilisks
  4 wargs
  15 nagas
  7 water moccasins
  8 porcupines
  5 orc warriors
  7 ice beasts
  A hornet zombie (D:14)
  4 wolves (Lair:5)
  2 eyes of draining
  9 ogres
  3 phantoms
  2 black bears (D:11)
  13 centaurs
  6 crocodiles
  3 big kobolds
  A gnoll sergeant (D:11)
  24 bullfrogs
  A wyvern skeleton (D:8)
  10 scorpions
  9 killer bees (Lair:2)
  2 wights (D:7)
  2 howler monkeys (D:11)
  6 crimson imps
  A quasit (D:11)
  9 centaur skeletons
  5 hounds
  5 orc priests
  3 jellies
  A bullfrog skeleton (D:10)
  Ijyb (D:3)
  3 iguanas
  Terence (D:3)
  Natasha (twice) (D:3 D:5)
  9 orc wizards
  A polar bear simulacrum (D:14)
  6 worker ants
  A yak simulacrum (D:14)
  2 hound zombies
  11 adders
  11 gnolls
  A river rat (Lair:1)
  4 shadow imps
  7 white imps (D:13)
  An ooze (D:2)
  An adder zombie (D:6)
  2 worms
  5 dart slugs
  5 leopard geckos
  47 orcs
  2 ball pythons
  7 bats
  5 giant cockroaches
  14 goblins
  5 hobgoblins
  8 jackals
  20 kobolds
  2 quokkas
  7 frilled lizards
  A leopard gecko zombie (D:5)
  A quokka skeleton (D:7)
  5 rats
  A bush (Lair:3)
  5 plants (Lair:3)
557 creatures vanquished.

Vanquished Creatures (collateral kills)
  Agnes (Snake:3)
  Donald (Shoals:1)
  The ghost of Rwicked the Thaumaturge, a journeyman GnSk of Trog (Lair:3)
  A merfolk impaler (Shoals:1)
  A hydra (Lair:5)
  An ice dragon (IceCv)
  3 naga warriors
  2 ogre magi (Orc:2)
  A death knight (D:12)
  3 centaur warriors (D:14)
  9 two-headed ogres
  A tengu warrior (D:14)
  2 naga sharpshooters
  2 skeletal warriors
  A sea snake (Snake:3)
  A deep troll (Orc:2)
  A naga ritualist (Snake:4)
  An orc knight (Orc:2)
  A mana viper (Snake:2)
  2 harpies (Lair:2)
  2 cyclopes (Orc:2)
  A manticore (Lair:2)
  A moth of wrath (shapeshifter) (D:15)
  3 deep elf magi
  Joseph (D:7)
  A guardian serpent (Snake:2)
  6 naga magi
  4 black mambas
  6 elephants
  A centaur skeleton (D:14)
  3 yaktaurs (D:14)
  A rime drake (IceCv)
  A queen bee (Lair:2)
  A merfolk (D:11)
  5 trolls (Orc:2)
  3 hippogriffs
  8 blink frogs
  3 shadows
  19 yaks
  4 wraiths
  A wyvern (Lair:2)
  A basilisk (Lair:2)
  A fire bat (D:14)
  2 hungry ghosts (D:12)
  12 nagas
  3 wargs
  An acid dragon (D:13)
  5 water moccasins
  A porcupine (Lair:3)
  5 orc warriors
  2 black bears
  9 ice beasts (IceCv)
  14 ogres
  3 wolves (Lair:2)
  8 centaurs
  6 crocodiles
  Blork the orc (D:6)
  A bullfrog (Lair:4)
  A wyvern skeleton (D:14)
  A scorpion (D:13)
  18 killer bees (Lair:2)
  3 wights
  A crimson imp (D:6)
  A hound (D:13)
  4 orc priests
  4 orc wizards
  Natasha (D:5)
  2 worker ants
  A worker ant zombie (D:5)
  5 white imps (D:13)
  An ooze (D:7)
  22 orcs
  9 bats (D:14)
260 creatures vanquished.

Vanquished Creatures (others)
  A bullfrog (D:15)
  A hound (D:11)
  2 bushes (Lair:3)
  24 fungi
  32 plants
60 creatures vanquished.

Grand Total: 877 creatures vanquished

Notes
Turn   | Place    | Note
-------+----------+-------------------------------------------
     0 | D:1      | nightchill the Gnoll Ice Elementalist began the quest for the Orb.
     0 | D:1      | Reached XP level 1. HP: 13/13 MP: 6/6
   320 | D:1      | Reached XP level 2. HP: 19/19 MP: 7/7
  1020 | D:2      | Reached XP level 3. HP: 22/25 MP: 3/9
  1032 | D:2      | Reached skill level 5 in Spellcasting
  1177 | D:2      | Reached skill level 1 in Invocations
  1331 | D:2      | Reached skill level 1 in Fighting
  1331 | D:2      | Reached skill level 1 in Short Blades
  1331 | D:2      | Reached skill level 1 in Long Blades
  1331 | D:2      | Reached skill level 1 in Axes
  1331 | D:2      | Reached skill level 1 in Maces & Flails
  1331 | D:2      | Reached skill level 1 in Polearms
  1331 | D:2      | Reached skill level 1 in Staves
  1331 | D:2      | Reached skill level 1 in Slings
  1331 | D:2      | Reached skill level 1 in Bows
  1331 | D:2      | Reached skill level 1 in Crossbows
  1331 | D:2      | Reached skill level 1 in Throwing
  1331 | D:2      | Reached skill level 1 in Armour
  1331 | D:2      | Reached skill level 1 in Shields
  1331 | D:2      | Reached skill level 1 in Unarmed Combat
  1331 | D:2      | Reached skill level 1 in Evocations
  1481 | D:2      | Reached XP level 4. HP: 30/32 MP: 8/11
  1497 | D:2      | Learned a level 4 spell: Throw Icicle
  1502 | D:2      | Learned a level 4 spell: Summon Ice Beast
  1942 | D:2      | Found a sparkling altar of Nemelex Xobeh.
  1942 | D:2      | Found a blossoming altar of Fedhas.
  2117 | D:3      | Reached skill level 1 in Hexes
  2117 | D:3      | Reached skill level 1 in Charms
  2117 | D:3      | Reached skill level 1 in Summonings
  2117 | D:3      | Reached skill level 1 in Necromancy
  2117 | D:3      | Reached skill level 1 in Translocations
  2117 | D:3      | Reached skill level 1 in Transmutations
  2117 | D:3      | Reached skill level 1 in Fire Magic
  2117 | D:3      | Reached skill level 1 in Air Magic
  2117 | D:3      | Reached skill level 1 in Earth Magic
  2117 | D:3      | Reached skill level 1 in Poison Magic
  2166 | D:3      | Found a bloodstained altar of Trog.
  2175 | D:3      | Reached XP level 5. HP: 35/37 MP: 12/12
  2330 | D:3      | Noticed Terence
  2336 | D:3      | Killed Terence
  2733 | D:3      | Noticed Natasha
  2742 | D:3      | Killed Natasha
  2832 | D:3      | Reached XP level 6. HP: 35/44 MP: 9/13
  3233 | D:3      | Learned a level 3 spell: Ozocubu's Armour
  3384 | D:3      | Noticed Ijyb
  3392 | D:3      | Killed Ijyb
  3392 | D:3      | Reached skill level 5 in Dodging
  3500 | D:4      | Found a staircase to the Ecumenical Temple.
  3614 | Temple   | Entered the Ecumenical Temple
  3631 | Temple   | Became a worshipper of Dithmenos the Shadowed
  3721 | Temple   | Reached skill level 5 in Invocations
  3721 | Temple   | Reached XP level 7. HP: 55/55 MP: 14/17
  3722 | Temple   | Reached skill level 5 in Fighting
  3722 | Temple   | Reached skill level 5 in Short Blades
  3722 | Temple   | Reached skill level 5 in Long Blades
  3722 | Temple   | Reached skill level 5 in Axes
  3722 | Temple   | Reached skill level 5 in Maces & Flails
  3722 | Temple   | Reached skill level 5 in Polearms
  3722 | Temple   | Reached skill level 5 in Staves
  3722 | Temple   | Reached skill level 5 in Slings
  3722 | Temple   | Reached skill level 5 in Bows
  3722 | Temple   | Reached skill level 5 in Crossbows
  3722 | Temple   | Reached skill level 5 in Throwing
  3722 | Temple   | Reached skill level 5 in Armour
  3722 | Temple   | Reached skill level 5 in Shields
  3722 | Temple   | Reached skill level 5 in Unarmed Combat
  3722 | Temple   | Reached skill level 5 in Conjurations
  3722 | Temple   | Reached skill level 5 in Evocations
  3722 | Temple   | Reached XP level 8. HP: 64/64 MP: 14/19
  4703 | D:5      | Entered Level 5 of the Dungeon
  4799 | D:5      | Noticed Natasha
  4803 | D:5      | Killed Natasha
  4937 | D:5      | Noticed Natasha
  4941 | D:5      | Killed Natasha
  4941 | D:5      | Reached * piety under Dithmenos
  4941 | D:5      | Reached XP level 9. HP: 44/69 MP: 11/20
  5837 | D:6      | Noticed Blork the orc
  5847 | D:6      | Killed Blork the orc
  6214 | D:6      | Reached skill level 5 in Hexes
  6214 | D:6      | Reached skill level 5 in Charms
  6214 | D:6      | Reached skill level 5 in Summonings
  6214 | D:6      | Reached skill level 5 in Necromancy
  6214 | D:6      | Reached skill level 5 in Translocations
  6214 | D:6      | Reached skill level 5 in Transmutations
  6214 | D:6      | Reached skill level 5 in Fire Magic
  6214 | D:6      | Reached skill level 5 in Air Magic
  6214 | D:6      | Reached skill level 5 in Earth Magic
  6214 | D:6      | Reached skill level 5 in Poison Magic
  6894 | D:6      | Reached ** piety under Dithmenos
  7432 | D:7      | Noticed Joseph
  8576 | D:7      | Killed Joseph
  8766 | D:7      | Reached XP level 10. HP: 61/76 MP: 18/22
  9096 | D:8      | Paralysed by a hornet for 3 turns
  9103 | D:8      | Paralysed by a hornet for 3 turns
 10226 | D:8      | Found a glowing golden altar of the Shining One.
 10611 | D:9      | Noticed a two-headed ogre
 10625 | D:9      | Reached *** piety under Dithmenos
 10716 | D:9      | Killed a two-headed ogre
 11155 | D:9      | Found a hazy altar of Hepliaklqana.
 11254 | D:9      | Noticed a gargoyle
 11260 | D:9      | Killed a gargoyle
 11455 | D:9      | Noticed a gargoyle
 11466 | D:9      | Killed a gargoyle
 11583 | D:9      | Noticed a gargoyle
 11586 | D:9      | Killed a gargoyle
 11591 | D:9      | Noticed a gargoyle
 11596 | D:9      | Killed a gargoyle
 11755 | D:9      | Reached XP level 11. HP: 83/83 MP: 23/23
 11772 | D:9      | Got a warped flail
 11773 | D:9      | Identified the +6 flail of Defiance {speed, MR+ Str+3 Int+2 Dex+3} (You found it on level 9 of the Dungeon)
 12195 | D:10     | Entered Level 10 of the Dungeon
 12417 | D:10     | Noticed a two-headed ogre
 12426 | D:10     | Killed a two-headed ogre
 12536 | D:10     | Learned a level 2 spell: Swiftness
 13137 | D:11     | Reached **** piety under Dithmenos
 14487 | D:11     | Found Evas's Food Shoppe.
 14582 | D:11     | Found a staircase to the Lair.
 14685 | D:11     | Found a staircase to the Orcish Mines.
 15071 | Lair:1   | Entered Level 1 of the Lair of Beasts
 15311 | Lair:1   | Noticed an oklob plant
 15699 | Lair:1   | Identified Mawumeeh's Papyrus of Icy Good Luck
 15705 | Lair:1   | Learned a level 3 spell: Regeneration
 16925 | Lair:2   | Reached XP level 12. HP: 91/91 MP: 23/25
 16991 | Lair:2   | Found a staircase to the Shoals.
 17893 | Lair:3   | Noticed a four-headed hydra
 17926 | Lair:2   | HP: 4/91 [poisoned by a water moccasin]
 17932 | Lair:2   | HP: 4/91 [poisoned by a water moccasin]
 17940 | Lair:2   | HP: 4/91 [poisoned by a water moccasin]
 18762 | Lair:3   | Upgraded the game from 0.21.1-72-gffa868e to 0.21.1-74-g47da925
 19272 | Lair:3   | Reached ***** piety under Dithmenos
 19466 | Lair:3   | Noticed Rwicked's ghost (journeyman GnSk)
 19494 | Lair:3   | Killed Rwicked's ghost
 20131 | Lair:4   | Noticed a seven-headed hydra
 20140 | Lair:4   | Killed an eight-headed hydra
 22445 | Lair:4   | Noticed Nessos
 22828 | Lair:5   | Reached XP level 13. HP: 98/98 MP: 23/26
 24851 | Lair:3   | Found a staircase to the Snake Pit.
 25156 | Lair:2   | Learned a level 4 spell: Summon Lightning Spire
 26110 | Lair:2   | Learned a level 5 spell: Silence
 26509 | D:12     | Found a flickering gateway to a bazaar.
 26532 | Bazaar   | Entered a bazaar
 26567 | Bazaar   | Found Awkag's Antique Weapon Emporium.
 26596 | Bazaar   | Found Hemeludu's Weapon Emporium.
 26596 | Bazaar   | Found Ilyrrunu's Food Shoppe.
 26607 | Bazaar   | Bought the cursed +0 fustibalus of Sugemuf {velocity, rElec} for 368 gold pieces
 27202 | D:12     | HP: 2/99 [phantasmal warrior[a death knight] (18)]
 28993 | D:13     | Found Vytror's Book Boutique.
 29001 | D:13     | Bought a book of Necromancy for 360 gold pieces
 29007 | D:13     | Learned a level 5 spell: Borgnjor's Vile Clutch
 29030 | D:13     | Reached skill level 10 in Spellcasting
 29243 | D:13     | Reached ****** piety under Dithmenos
 29395 | D:13     | Found a frozen archway.
 29427 | IceCv    | Entered an ice cave
 30183 | IceCv    | Noticed an ice dragon
 30183 | IceCv    | Noticed an ice dragon
 30204 | IceCv    | Killed an ice dragon
 30205 | IceCv    | Killed an ice dragon
 30995 | D:13     | Reached skill level 10 in Dodging
 31357 | D:14     | Reached XP level 14. HP: 106/106 MP: 28/28
 32206 | D:14     | Reached skill level 10 in Stealth
 32641 | D:14     | Found a gate to the Vaults.
 32920 | D:13     | Learned a level 4 spell: Animate Dead
 33041 | Orc:1    | Entered Level 1 of the Orcish Mines
 33289 | Orc:2    | Entered Level 2 of the Orcish Mines
 33301 | Orc:2    | Found a staircase to the Elven Halls.
 33656 | Orc:2    | Reached skill level 10 in Invocations
 34074 | Orc:2    | Found Xuwkapn's Book Boutique.
 34074 | Orc:2    | Found Qory's Food Shop.
 34346 | Snake:1  | Entered Level 1 of the Snake Pit
 34683 | Snake:1  | Found a gateway to a bazaar.
 34887 | Snake:1  | Noticed Kirke
 34961 | Snake:1  | Killed Kirke
 35057 | Snake:1  | Upgraded the game from 0.21.1-74-g47da925 to 0.21.1-75-g79f4511
 36042 | Snake:2  | Found Unaduud's Jewellery Shop.
 36043 | Snake:2  | Found Xeag's General Store.
 36095 | Snake:2  | Found Cabem's Book Boutique.
 36095 | Snake:2  | Found Hyqog's Jewellery Shop.
 36184 | Snake:2  | Found Jeggomm's Assorted Antiques.
 36273 | Snake:2  | Bought a book of Summonings for 1120 gold pieces
 36273 | Snake:2  | Bought a book of Minor Magic for 320 gold pieces
 36282 | Snake:2  | Learned a level 6 spell: Shadow Creatures
 36285 | Snake:2  | Learned a level 2 spell: Blink
 36621 | Snake:3  | Found a basalt altar of Yredelemnul.
 36645 | Snake:3  | Noticed Nikola
 37465 | D:14     | Found an ancient bone altar of Kikubaaqudgha.
 37590 | D:14     | Learned a level 6 spell: Death Channel
 37766 | Orc:2    | Found a roughly hewn altar of Beogh.
 37996 | Orc:2    | Reached XP level 15. HP: 89/115 MP: 8/29
 38111 | Orc:2    | Found Alimn's General Store.
 38121 | Orc:2    | Found Pappamos's Magic Scroll Boutique.
 38707 | Snake:3  | Noticed Agnes
 38872 | Snake:2  | Identified a scroll of acquirement
 39225 | Snake:2  | Upgraded the game from 0.21.1-75-g79f4511 to 0.21.1-76-ge1a4835
 39372 | Snake:3  | Noticed Jorgrun
 39911 | Snake:3  | Killed Agnes
 40476 | Snake:3  | Reached skill level 10 in Ice Magic
 40619 | Snake:3  | Found Aggufez's Assorted Antiques.
 40626 | Snake:3  | Noticed Aizul
 40694 | Snake:3  | Killed Aizul
 40898 | Snake:3  | Noticed Vashnia
 40951 | Snake:3  | Killed Nikola
 40951 | Snake:3  | Reached skill level 10 in Fighting
 40951 | Snake:3  | Reached skill level 10 in Short Blades
 40951 | Snake:3  | Reached skill level 10 in Long Blades
 40951 | Snake:3  | Reached skill level 10 in Axes
 40951 | Snake:3  | Reached skill level 10 in Maces & Flails
 40951 | Snake:3  | Reached skill level 10 in Polearms
 40951 | Snake:3  | Reached skill level 10 in Staves
 40951 | Snake:3  | Reached skill level 10 in Slings
 40951 | Snake:3  | Reached skill level 10 in Bows
 40951 | Snake:3  | Reached skill level 10 in Crossbows
 40951 | Snake:3  | Reached skill level 10 in Throwing
 40951 | Snake:3  | Reached skill level 10 in Armour
 40951 | Snake:3  | Reached skill level 10 in Shields
 40951 | Snake:3  | Reached skill level 10 in Unarmed Combat
 40951 | Snake:3  | Reached skill level 10 in Evocations
 41539 | Snake:3  | Killed Jorgrun
 42229 | Elf:1    | Entered Level 1 of the Elven Halls
 42252 | Elf:1    | Found a radiant altar of Vehumet.
 42404 | Elf:1    | Noticed Louise
 42627 | Elf:1    | Killed Louise
 44005 | Orc:2    | Upgraded the game from 0.21.1-76-ge1a4835 to 0.21.1-77-g46dbe93
 44103 | Shoals:1 | Entered Level 1 of the Shoals
 44107 | Shoals:1 | Noticed xxKyloRen420's ghost (journeyman DsBe)
 44732 | Shoals:1 | Killed xxKyloRen420's ghost
 44969 | Shoals:1 | Noticed Roxanne
 45179 | Shoals:1 | Noticed Donald
 45189 | Shoals:1 | Killed Donald
 46145 | D:15     | Entered Level 15 of the Dungeon
 46544 | D:15     | Reached XP level 16. HP: 123/123 MP: 18/31
 46668 | D:15     | Found Xyurei's Magic Scroll Emporium.
 46691 | D:15     | Found Dackace's Magic Scroll Boutique.
 46727 | D:15     | Found a shadowy altar of Dithmenos.
 46824 | D:15     | Found Xifuep's Food Emporium.
 46832 | D:15     | Found Myezxiod's Weapon Emporium.
 47402 | D:15     | Found a staircase to the Depths.
 47457 | Depths:1 | Entered Level 1 of the Depths
 47941 | Snake:4  | Entered Level 4 of the Snake Pit
 48162 | Snake:4  | Identified the +0 morningstar "Ynig" {venom, rElec Str+3} (You found it on level 4 of the Snake Pit)
 48305 | Snake:4  | Noticed a nagaraja
 48313 | Snake:4  | Noticed a nagaraja
 48314 | Snake:4  | Noticed a nagaraja
 48318 | Snake:4  | Killed a nagaraja
 48319 | Snake:4  | Noticed a nagaraja
 48329 | Snake:4  | Shot with an arrow by a naga sharpshooter

Skill      XL: |  1  2  3  4  5  6  7  8  9 10 11 12 13 14 15 16 |
---------------+-------------------------------------------------+-----
Conjurations   | 2 4 5 6 7 8 9 |  9.4
Spellcasting   | 5 7 8 9 10 11 | 11.7
Invocations    | 1 2 5 6 7 8 9 10 11 | 11.6
Fighting       | 1 4 5 6 7 8 9 10 | 10.7
Short Blades   | 1 4 5 6 7 8 9 10 | 10.7
Long Blades    | 1 4 5 6 7 8 9 10 | 10.7
Axes           | 1 4 5 6 7 8 9 10 | 10.7
Maces & Flails | 1 4 5 6 7 8 9 10 | 10.7
Polearms       | 1 4 5 6 7 8 9 10 | 10.7
Staves         | 1 4 5 6 7 8 9 10 | 10.7
Slings         | 1 4 5 6 7 8 9 10 | 10.7
Bows           | 1 4 5 6 7 8 9 10 | 10.7
Crossbows      | 1 4 5 6 7 8 9 10 | 10.7
Throwing       | 1 4 5 6 7 8 9 10 | 10.7
Armour         | 1 4 5 6 7 8 9 10 | 10.7
Shields        | 1 4 5 6 7 8 9 10 | 10.7
Unarmed Combat | 1 4 5 6 7 8 9 10 | 10.7
Evocations     | 1 4 5 6 7 8 9 10 | 10.7
Hexes          | 1 4 5 6 7 8 9 |  9.1
Charms         | 1 4 5 6 7 8 9 |  9.1
Summonings     | 1 4 5 6 7 8 9 |  9.1
Necromancy     | 1 4 5 6 7 8 9 |  9.1
Translocations | 1 4 5 6 7 8 9 |  9.1
Transmutations | 1 4 5 6 7 8 9 |  9.1
Fire Magic     | 1 4 5 6 7 8 9 |  9.1
Air Magic      | 1 4 5 6 7 8 9 |  9.1
Earth Magic    | 1 4 5 6 7 8 9 |  9.1
Poison Magic   | 1 4 5 6 7 8 9 |  9.1
Dodging        | 6 7 8 9 10 11 | 11.6
Stealth        | 6 7 8 9 10 11 | 11.5
Ice Magic      | 6 7 8 9 10 | 10.6

Action                   |  1- 3 |  4- 6 |  7- 9 | 10-12 | 13-15 | 16-18 || total
-------------------------+-------+-------+-------+-------+-------+-------++-------
Melee: Unarmed           |     8 |       |       |       |       |       ||     8
       Dagger            |     9 |       |    14 |    58 |    67 |       ||   148
       War axe           |       |       |    53 |   850 |   511 |       ||  1414
       Bite              |       |       |     6 |   109 |    81 |    13 ||   209
       Punch             |       |       |     2 |    15 |     6 |     6 ||    29
       Dire flail        |       |       |       |       |    87 |       ||    87
       Rapier            |       |       |       |       |    72 |    78 ||   150
       Lajatang          |       |       |       |       |    29 |       ||    29
       Demon trident     |       |       |       |       |    28 |    24 ||    52
       Staff             |       |       |       |       |    23 |       ||    23
       Flail             |       |       |       |       |     9 |       ||     9
       Glaive            |       |       |       |       |     7 |       ||     7
 Fire: Hunting sling     |    25 |   117 |   165 |    33 |    15 |       ||   355
       Fustibalus        |       |       |       |       |    85 |     2 ||    87
Throw: Stone             |     3 |     3 |       |    39 |    12 |       ||    57
 Cast: Freeze            |    28 |    41 |    98 |   100 |    15 |       ||   282
       Throw Icicle      |       |     1 |    10 |    53 |    24 |       ||    88
       Summon Ice Beast  |       |     1 |    33 |    57 |    92 |       ||   183
       Ozocubu's Armour  |       |     1 |     4 |    39 |    67 |     7 ||   118
       Regeneration      |       |       |       |     6 |    43 |     7 ||    56
       Swiftness         |       |       |       |     2 |     4 |       ||     6
       Summon Lightning  |       |       |       |       |   137 |    15 ||   152
       Borgnjor's Vile C |       |       |       |       |    33 |     7 ||    40
       Silence           |       |       |       |       |    13 |       ||    13
       Animate Dead      |       |       |       |       |     5 |       ||     5
       Shadow Creatures  |       |       |       |       |     5 |       ||     5
       Death Channel     |       |       |       |       |    11 |     4 ||    15
       Blink             |       |       |       |       |     4 |       ||     4
Invok: Shadow Form       |       |       |       |       |     2 |       ||     2
Evoke: Wand              |       |       |       |       |    10 |       ||    10
       Box of beasts     |       |       |       |       |     1 |       ||     1
       Sack of spiders   |       |       |       |       |     1 |       ||     1
  Use: Scroll            |       |    11 |     4 |    15 |    33 |     3 ||    66
       Potion            |       |     1 |     2 |     3 |    13 |     1 ||    20
 Stab: Sleeping          |     1 |       |     1 |    27 |    38 |    10 ||    77
       Distracted        |       |       |       |     5 |    16 |     3 ||    24
  Eat: Chunk             |     2 |     6 |    19 |    59 |    94 |    11 ||   191
       Ration            |       |       |     1 |     1 |     4 |       ||     6
Armor: Robe              |     4 |     8 |    20 |       |       |       ||    32
       Leather armour    |       |       |     1 |   281 |   300 |    36 ||   618
       Skin              |       |       |       |       |     1 |       ||     1
Dodge: Dodged            |    22 |    40 |   152 |   995 |   974 |    95 ||  2278
Block: Buckler           |       |       |       |   178 |   299 |       ||   477
